[ AOE2 MATCH · #505321746 ]
UnrankedBurgundians vs Teutons
Rival team · WIN
[ REPLAY ANALYSIS · EXTRACTED FROM THE RECORDED GAME ]
Feudal
9:36
Castle
—
Imperial
—
| APM avg | 37.3 |
| APM peak | 75 |
| eAPM avg | 14.0 |
| Villagers / military | 56 / 23 |
Focus
⚔️ 21.1% · 🌾 78.9%
Militia ×10 · Scout Cavalry ×8 · Flemish Militia ×4 · Spearman ×1
Feudal
9:46
Castle
25:49
Imperial
—
| APM avg | 38.2 |
| APM peak | 76 |
| eAPM avg | 14.5 |
| Villagers / military | 46 / 9 |
Focus
⚔️ 18.8% · 🌾 81.2%
Archer ×5 · Spearman ×2 · Cavalry Archer ×2
Match map
Initial resources + every placement click. Lines = walls · curves = elevation contours. ◆ gold · ⬟ stone · ● berries · ✦ relic · ◌ wall gap
Your base· ✓ Closed at 12:00 · 0t walls · 1 gate(s)
Antonio Banderas's base· Open — 3t gap
Smoothed initial terrain · ◌ = detected wall gap · hover for details
Inputs per minute
— Mašinec - - Antonio Banderas
Build order — Mašinec
127 actions detected in the replay
| 0:00 | Queue | Villager (Male) |
| 0:02 | Build | House |
| 0:03 | Build | House |
| 0:06 | Queue | Villager (Male) |
| 0:06 | Queue | Villager (Male) |
| 0:14 | Queue | Villager (Male) |
| 0:14 | Queue | Villager (Male) |
| 1:22 | Queue | Villager (Male) |
| 1:53 | Queue | Villager (Male) |
| 2:30 | Queue | Villager (Male) |
| 2:35 | Build | Lumber Camp |
| 3:13 | Queue | Villager (Male) |
| 3:30 | Queue | Villager (Male) |
| 4:01 | Queue | Villager (Male) |
| 4:12 | Queue | Villager (Male) |
| 4:35 | Queue | Villager (Male) |
| 4:42 | Build | House |
| 5:13 | Queue | Villager (Male) |
| 5:37 | Queue | Villager (Male) |
| 5:45 | Build | House |
| 5:48 | Queue | Villager (Male) |
| 6:24 | Build | Mill |
| 6:27 | Queue | Villager (Male) |
| 6:34 | Queue | Villager (Male) |
| 7:03 | Queue | Villager (Male) |
| 7:20 | Research | Feudal Age |
| 8:03 | Build | House |
| 8:10 | Research | Loom |
| 8:12 | Queue | Villager (Male) |
| 8:15 | Research | Loom |
| 8:16 | Queue | Villager (Male) |
| 8:31 | Research | Double-Bit Axe |
| 8:35 | Research | Horse Collar |
| 8:58 | Build | Barracks |
| 9:28 | Queue | Villager (Male) |
| 9:36 | Age | Feudal Age |
| 9:43 | Queue | Villager (Male) |
| 9:56 | Queue | Spearman |
| 10:05 | Build | Stable |
| 10:10 | Queue | Villager (Male) |
| 11:01 | Queue | Scout Cavalry |
| 11:02 | Queue | Scout Cavalry |
| 11:02 | Queue | Scout Cavalry |
| 11:06 | Queue | Scout Cavalry |
| 11:14 | Build | Blacksmith |
| 11:21 | Build | House |
| 11:27 | Build | Palisade Gate |
| 11:33 | Queue | Villager (Male) |
| 11:33 | Queue | Villager (Male) |
| 11:51 | Queue | Flemish Militia ×2 |
| 11:57 | Queue | Scout Cavalry |
| 11:58 | Queue | Scout Cavalry |
| 12:27 | Queue | Villager (Male) |
| 12:28 | Queue | Villager (Male) |
| 12:32 | Build | Farm |
| 12:32 | Build | Farm |
| 12:32 | Build | Farm |
| 12:33 | Build | Farm |
| 12:33 | Build | Farm |
| 12:33 | Build | Farm |
| 12:53 | Queue | Scout Cavalry |
| 13:28 | Queue | Villager (Male) |
| 13:29 | Queue | Villager (Male) ×5 |
| 13:34 | Build | Mining Camp |
| 14:31 | Queue | Flemish Militia |
| 14:31 | Queue | Flemish Militia |
| 14:59 | Build | House |
| 15:14 | Build | Farm |
| 15:14 | Build | Farm |
| 15:15 | Build | Farm |
| 15:15 | Build | Farm |
| 15:47 | Build | Farm |
| 15:54 | Build | House |
| 16:06 | Build | House |
| 16:12 | Queue | Villager (Male) |
| 16:46 | Queue | Scout Cavalry |
| 16:57 | Build | Farm |
| 16:58 | Build | Farm |
| 16:58 | Build | Farm |
| 16:58 | Build | Farm |
| 16:59 | Build | Farm |
| 17:35 | Queue | Villager (Male) |
| 17:35 | Queue | Villager (Male) |
| 18:10 | Queue | Villager (Male) |
| 18:26 | Build | Lumber Camp |
| 18:39 | Research | Man-at-Arms (upgrade) |
| 18:52 | Build | Mill |
| 18:54 | Queue | Villager (Male) |
| 19:20 | Queue | Villager (Male) |
| 19:30 | Queue | Militia |
| 19:49 | Queue | Villager (Male) |
| 19:57 | Build | Lumber Camp |
| 20:04 | Queue | Militia |
| 20:06 | Queue | Militia |
| 20:24 | Queue | Villager (Male) |
| 20:30 | Queue | Militia |
| 20:34 | Queue | Militia |
| 21:06 | Queue | Militia |
| 21:14 | Build | Blacksmith |
| 21:22 | Queue | Villager (Male) |
| 21:23 | Queue | Villager (Male) |
| 22:00 | Queue | Villager (Male) ×3 |
| 22:20 | Queue | Villager (Male) |
| 23:04 | Build | Mill |
| 23:08 | Build | Mining Camp |
| 23:19 | Queue | Villager (Male) |
| 23:38 | Research | Fletching |
| 23:48 | Queue | Villager (Male) |
| 24:01 | Build | House |
| 24:46 | Queue | Villager (Male) |
| 24:47 | Queue | Villager (Male) |
| 25:00 | Queue | Militia |
| 25:00 | Queue | Militia |
| 25:00 | Queue | Militia |
| 25:09 | Research | Arson |
| 25:15 | Queue | Villager (Male) |
| 25:33 | Queue | Villager (Male) |
| 25:51 | Build | Farm |
| 25:51 | Build | Farm |
| 25:51 | Build | Farm |
| 25:52 | Build | Farm |
| 25:52 | Build | Farm |
| 25:56 | Queue | Villager (Male) |
| 26:03 | Build | Farm |
| 26:09 | Queue | Militia |
| 26:30 | Build | House |
| 26:40 | Queue | Villager (Male) |
Build order — Antonio Banderas
113 actions detected in the replay
| 0:01 | Queue | Villager (Male) |
| 0:01 | Queue | Villager (Male) |
| 0:02 | Build | House |
| 0:04 | Build | House |
| 0:31 | Queue | Villager (Male) |
| 0:32 | Queue | Villager (Male) |
| 1:31 | Queue | Villager (Male) |
| 1:54 | Build | Lumber Camp |
| 2:10 | Queue | Villager (Male) |
| 2:24 | Queue | Villager (Male) |
| 2:53 | Queue | Villager (Male) |
| 3:11 | Build | House |
| 3:26 | Queue | Villager (Male) |
| 3:55 | Queue | Villager (Male) |
| 3:55 | Queue | Villager (Male) |
| 4:25 | Queue | Villager (Male) |
| 4:42 | Queue | Villager (Male) |
| 5:25 | Queue | Villager (Male) |
| 5:41 | Queue | Villager (Male) |
| 6:00 | Build | House |
| 6:10 | Queue | Villager (Male) |
| 6:32 | Build | Mining Camp |
| 6:39 | Queue | Villager (Male) |
| 6:48 | Build | House |
| 7:11 | Research | Loom |
| 7:21 | Research | Feudal Age |
| 8:14 | Build | Barracks |
| 9:46 | Age | Feudal Age |
| 9:49 | Build | Watch Tower |
| 9:51 | Queue | Villager (Male) |
| 9:55 | Research | Double-Bit Axe |
| 10:14 | Queue | Villager (Male) |
| 10:52 | Build | Watch Tower |
| 11:00 | Queue | Villager (Male) |
| 11:17 | Queue | Spearman |
| 11:24 | Build | Blacksmith |
| 11:36 | Build | Mill |
| 11:47 | Queue | Villager (Male) |
| 11:47 | Queue | Villager (Male) |
| 12:09 | Queue | Villager (Male) |
| 12:25 | Build | Watch Tower |
| 12:38 | Build | House |
| 13:56 | Build | Watch Tower |
| 14:11 | Research | Fletching |
| 14:25 | Queue | Villager (Male) |
| 14:57 | Build | Watch Tower |
| 14:57 | Queue | Villager (Male) |
| 14:59 | Queue | Spearman |
| 15:16 | Queue | Villager (Male) |
| 15:22 | Build | House |
| 15:28 | Build | Farm |
| 15:30 | Build | Farm |
| 15:31 | Build | Farm |
| 15:44 | Queue | Villager (Male) |
| 15:48 | Build | Farm |
| 16:04 | Queue | Villager (Male) |
| 16:13 | Build | Watch Tower |
| 16:15 | Queue | Villager (Male) |
| 16:20 | Build | Farm |
| 16:20 | Build | Farm |
| 16:48 | Queue | Villager (Male) |
| 17:30 | Queue | Villager (Male) |
| 17:38 | Build | Farm |
| 17:38 | Build | Farm |
| 17:56 | Queue | Villager (Male) |
| 18:11 | Build | Mining Camp |
| 18:21 | Build | Outpost |
| 18:22 | Queue | Villager (Male) |
| 18:30 | Build | Watch Tower |
| 18:39 | Queue | Villager (Male) |
| 18:57 | Build | Outpost |
| 18:59 | Queue | Villager (Male) |
| 19:25 | Build | Outpost |
| 19:25 | Queue | Villager (Male) |
| 19:40 | Queue | Villager (Male) |
| 19:47 | Build | Farm |
| 19:48 | Build | Farm |
| 19:49 | Build | Farm |
| 20:15 | Build | House |
| 20:20 | Build | Mill |
| 20:43 | Build | Outpost |
| 20:51 | Build | Outpost |
| 20:52 | Queue | Villager (Male) |
| 21:11 | Build | Outpost |
| 21:12 | Queue | Villager (Male) |
| 21:16 | Build | House |
| 21:24 | Build | Market |
| 21:38 | Build | Outpost |
| 21:46 | Queue | Villager (Male) |
| 21:51 | Build | House |
| 22:19 | Queue | Villager (Male) |
| 22:28 | Queue | Villager (Male) |
| 22:30 | Build | House |
| 22:53 | Research | Castle Age |
| 22:59 | Build | Archery Range |
| 23:42 | Queue | Archer |
| 24:20 | Build | Mining Camp |
| 24:23 | Queue | Archer |
| 24:44 | Build | Watch Tower |
| 24:45 | Queue | Villager (Male) |
| 24:53 | Build | Farm |
| 24:56 | Queue | Archer |
| 25:13 | Queue | Archer |
| 25:38 | Build | Outpost |
| 25:39 | Queue | Villager (Male) |
| 25:44 | Queue | Archer |
| 25:49 | Age | Castle Age |
| 25:54 | Queue | Cavalry Archer |
| 25:54 | Queue | Cavalry Archer |
| 26:13 | Research | Bodkin Arrow |
| 26:34 | Queue | Villager (Male) |
| 26:41 | Build | Town Center |
| 26:41 | Queue | Villager (Male) |
Match timeline
| 8:14 | Antonio Banderas · first_building Barracks |
| 8:58 | Mašinec · first_building Barracks |
| 9:36 | Mašinec · age_up feudal |
| 9:46 | Antonio Banderas · age_up feudal |
| 10:05 | Mašinec · first_building Stable |
| 22:37 | Antonio Banderas · first_market_sell 100 wood |
| 22:47 | Antonio Banderas · first_market_buy 100 food |
| 22:59 | Antonio Banderas · first_building Archery Range |
| 25:49 | Antonio Banderas · age_up castle |
| 26:45 | Mašinec · resign |
[ AI ANALYSIS · 1 CREDIT ]
What really happened in this match?
Wolo.gg analyzes every decision: build order, eco, micro, common mistakes by bracket. Personalized analysis on WhatsApp or Discord in 30 seconds.
Civ guide
Burgundians
Perfil
Jugador #6153106